Workbook

Sheet Ficha inversiones tecnológicas
F2: Ficha con datos de las empresas beneficiarias y receptoras de las inversiones tecnologias
C3: En la siguiente ficha se deben indicar los datos de cada empresa beneficiaria de la tecnologia, detallar la opción tecnologia y la meta del APL que buscar abordar.
C4: Microempresas: Ventas anuales menores a 2.400 UF Pequeñas empresas: Ventas anuales entre 2.400 y 25.000 UF Medianas empresas: Ventas anuales entre 25.000 y 100.000 UF Empresas grandes: Ventas anuales superiores a 100.000 UF
B7: IDENTIFICACIÓN DEL BENEFICIARIO | N7: DETALLE DE LA TECNOLOGÍA | S7: ESTRUCTURA COSTOS TECNOLOGIA
B8: N° | C8: DATOS EMPRESA O INSTALACIÓN ADHERIDA AL APL | G8: DATOS REPRESENTANTE LEGAL | N8: TECNOLOGÍA | O8: CARACTERIZACIÓN DE LA TECNOLOGÍA Debe indicar los datos técnicos relacionados con la tecnología que utilizará en su proyecto y caules son los beneficiarios para la comuna donde se implementará | P8: LOCALIZACIÓN DEL PROYECTO
C9: NOMBRE | D9: RUT | E9: RUBRO | F9: TAMAÑO EMPRESA | G9: NOMBRE | H9: RUT | I9: DOMICILIO | J9: COMUNA | K9: REGIÓN | L9: TELÉFONO | M9: E-MAIL | P9: DIRECCIÓN | Q9: PROVINCIA | R9: COMUNA | S9: Costo total tecnologia (valor bruto) | T9: Financiamiento ASCC | U9: % Cofinanciamiento | V9: Aporte beneficiario tecnologia | W9: % Aporte beneficiario directo a compra de tecnologia | X9: TOTAL ($)
B10: 1 | T10: =S10*90% -> 0 | V10: =S10*10% -> 0 | X10: =T10+V10 -> 0
B11: 2 | T11: =S11*90% -> 0 | V11: =S11*10% -> 0 | X11: =T11+V11 -> 0
B12: 3 | T12: =S12*90% -> 0 | V12: =S12*10% -> 0 | X12: =T12+V12 -> 0
B13: 4 | T13: =S13*90% -> 0 | V13: =S13*10% -> 0 | X13: =T13+V13 -> 0
B14: 5 | X14: =T14+V14 -> 0
B15: 6 | X15: =T15+V15 -> 0
B16: 7 | X16: =T16+V16 -> 0
B17: 8 | X17: =T17+V17 -> 0
B18: 9 | X18: =T18+V18 -> 0
B19: 10 | X19: =T19+V19 -> 0
B20: 11 | X20: =T20+V20 -> 0
B21: 12 | X21: =T21+V21 -> 0
B22: 13 | X22: =T22+V22 -> 0
B23: 14 | X23: =T23+V23 -> 0
B24: 15 | X24: =T24+V24 -> 0
B25: 16 | X25: =T25+V25 -> 0
... B39: 30 | X39: =T39+V39 -> 0
S40: =SUM(S10:S39) -> 0 | T40: =SUM(T10:T39) -> 0 | V40: =SUM(V10:V39) -> 0 | X40: =SUM(X10:X39) -> 0
T41: =T40/X40 -> #DIV/0! | V41: =V40/X40 -> #DIV/0!

Sheet Plan de actividades 
B2: Plan de actividades
B4: Importante para revisar previamente: Por bases técnicas y administrativas del concurso los proyectos podrán considerar dos tipos de actividades y productos: de apoyo general al sector y de apoyo directo a las empresas. Según el tipo de actividad y producto del proyecto postulado, existen algunos de carácter obligatorio.
B6: Gastos Recursos Humanos
B7: Estas son las remuneraciones y honorarios del personal técnico, profesional o especialista, de las Entidades Participantes, asociado directamente a las actividades del proyecto presentado, el que siempre debe ser individualizado. La unidad base de este insumo es la Hora-Persona. Sólo los recursos humanos de una Ejecutora, denominados también “recurso humano externo”, pueden ser declarados como Solicitados al Fondo o como Aporte líquido. El recurso humano contratado por otras entidades participantes solo puede ser declarado como aporte valorado e indistintamente se le puede referenciar bajo el nombre “recurso humano propio”.
B9: Nombre de la actividad (apoyo directo a las empresas) | C9: Descripción y justificación técnica de la actividad | D9: Mes de inicio | E9: Mes de termino | F9: Profesional a cargo | G9: Nivel de estudios/profesión | H9: Rol o cargo del proyecto | I9: Justificación técnica de su participación | J9: Total horas de dedicación | K9: Costo unitario HH ($) | L9: Aporte institución postulante | N9: Aporte Fondo ASCC | O9: Total
L10: Aporte Valorado | M10: Aporte Líquido | N10: Aporte Líquido

Sheet Operación
B3: Gastos operación
B4: Son gastos directos asociados a la realización de todas las etapas y actividades del proyecto. Ejemplos de estos son: contratación o pago de servicios tales como análisis legales, cotizaciones de tecnologías, actividades de difusión, capacitación y/o entrenamiento, viáticos, pasajes, materiales para entrega en actividades, arrendamiento de espacio físico, transporte; compra de bienes no inventariables relacionados con las actividades del proyecto; honorarios de expositores nacionales e internacionales; costo financiero de garantías; actividades de difusión, visitas a empresas, exhibiciones y publicaciones.
B10: Nombre de la actividad (apoyo general al sector) | C10: Nombre y justificación técnica del gasto | D10: Externalización (Si / No) | E10: Cantidad | F10: Costo unitario ($) | G10: Aporte institución postulante | I10: Aporte Fondo ASCC | J10: Total
G11: Aporte Valorado | H11: Aporte Líquido | I11: Aporte Líquido
J12: =G12+H12+I12 -> 0
J13: =G13+H13+I13 -> 0
J14: =G14+H14+I14 -> 0
J15: =G15+H15+I15 -> 0
J16: =G16+H16+I16 -> 0
J17: =G17+H17+I17 -> 0
J18: =G18+H18+I18 -> 0
J19: =G19+H19+I19 -> 0
J20: =G20+H20+I20 -> 0
J21: =G21+H21+I21 -> 0
J22: =G22+H22+I22 -> 0
J23: =G23+H23+I23 -> 0
J24: =G24+H24+I24 -> 0
G25: =SUM(G12:G24) -> 0 | H25: =SUM(H12:H24) -> 0 | I25: =SUM(I12:I24) -> 0 | J25: =SUM(J12:J24) -> 0

Sheet Administración
B4: Gastos de administración
B7: Tipo de gasto | C7: Justificación | D7: Cantidad | E7: Costo unitario ($) | F7: Aporte institución postulante | H7: Aporte beneficiarios tecnología | I7: Aporte Fondo ASCC | J7: Total
F8: Aporte Valorado | G8: Aporte Líquido | H8: Aporte Líquido | I8: Aporte Líquido
J9: =SUM(F9:I9) -> 0
J10: =F10+G10+I10 -> 0
J11: =F11+G11+I11 -> 0
J12: =F12+G12+I12 -> 0
J13: =F13+G13+I13 -> 0
J14: =F14+G14+I14 -> 0
J15: =F15+G15+I15 -> 0
J16: =F16+G16+I16 -> 0
J17: =F17+G17+I17 -> 0
J18: =F18+G18+I18 -> 0
J19: =F19+G19+I19 -> 0
J20: =F20+G20+I20 -> 0
J21: =F21+G21+I21 -> 0
F22: =SUM(F9:F21) -> 0 | G22: =SUM(G9:G21) -> 0 | H22: =SUM(H9:H21) -> 0 | I22: =SUM(I9:I21) -> 0 | J22: =SUM(J9:J21) -> 0

Sheet Resumen ppto y resultados
B3: Resumen del presupuesto
B5: Tipo de cuenta | D5: Aporte Fondo ASCC | E5: Aporte postulante | F5: Aporte beneficiario directo a compra de tecnologia | G5: Total
B6: Operación | D6: ='Operación'!I25 -> 0 | E6: ='Operación'!G25+'Operación'!H25 -> 0 | F6: - | G6: =SUM(D6:F6) -> 0
B7: Inversiones | D7: ='Ficha inversiones tecnológicas'!T40 -> 0 | E7: ='Ficha inversiones tecnológicas'!V40 -> 0 | F7: ='Ficha inversiones tecnológicas'!V40 -> 0 | G7: =SUM(D7:F7) -> 0
B8: Administrativo | D8: ='Administración'!I22 -> 0 | E8: ='Administración'!G22+'Administración'!H22 -> 0 | F8: - | G8: =SUM(D8:F8) -> 0
B9: Total | D9: =SUM(D6:D8) -> 0 | E9: =SUM(E6:E8) -> 0 | F9: =SUM(F6:F8) -> 0 | G9: =SUM(D9:F9) -> 0
B10: Procentaje de aporte por fuente de financiamiento | D10: =IFERROR(D9/$G$9,0) -> 0 | E10: =IFERROR(E9/$G$9,0) -> 0 | F10: =IFERROR(F9/$G$9,0) -> 0 | G10: =SUM(D10:F10) -> 0
B11: Porcentaje del gasto total destinado a inversiones tecnológicas | D11: =IFERROR(G7/$G$9,0) -> 0
